 Dungeon Crawl Stone Soup version 0.31-a0-1178-gc5c9b8f871 (webtiles) character file.

Game seed: 17387042825386383293

11713 grandjackal the Fighter (level 12, -5/100 HPs)
             Began as a Human Fighter on Dec 12, 2023.
             Was a High Priest of Okawaru.
             Slain by Snorg (11 damage)
             ... on level 11 of the Dungeon.
             The game lasted 00:12:18 (11578 turns).

grandjackal the Fighter (Human Fighter)            Turns: 11578, Time: 00:12:19

Health: -5/100     AC: 21    Str: 25    XL:     12   Next: 11%
Magic:  17/17      EV:  6    Int:  7    God:    Okawaru [*****.]
Gold:   693        SH: 10    Dex: 19    Spells: 11/11 levels left

rFire   . . .        Q - -2 demon whip (venom)
rCold   . . .        x - +3 buckler "Giwets" {+Inv}
rNeg    + . .        L - +4 plate armour of the Sun {Rampage ^Drain rPois rN+}
rPois   +            (helmet restricted)
rElec   .            c - +0 cloak
rCorr   .            s - +0 pair of gloves
SInv    .            (no boots)
Will    +....        (no amulet) Stlth
                     u - +4 ring of protection
HPRegen 0.36/turn    n - +6 ring of dexterity
MPRegen 0.15/turn

%: rampage
@: attractive, enlightened, flying
A: antennae 1, strong 1
a: Renounce Religion, Evoke Invisibility, Heroism, Finesse, Duel


You were on level 11 of the Dungeon.
You worshipped Okawaru.
Okawaru was extremely pleased with you.
You visited 2 branches of the dungeon, and saw 12 of its levels.
You also visited: Bailey.

You collected 693 gold pieces.

Inventory:

Hand Weapons
 y - a +0 scythe
 K - a +0 broad axe
 Q - a -2 demon whip of venom (weapon)
Armour
 c - a +0 cloak (worn)
 k - a +2 ring mail of fire resistance
 s - a +0 pair of gloves (worn)
 t - a +0 helmet
 x - the +3 buckler "Giwets" (worn) {+Inv}
   (You found it on level 5 of the Dungeon)

   +Inv:      It lets you turn invisible.
 A - a +2 ring mail of willpower
 D - a +0 kite shield
 L - the +4 plate armour of the Sun (worn) {Rampage ^Drain rPois rN+}
   (You found it in a bailey)

   rPois:     It protects you from poison rN+: It protects you from negative
   energy.
   ^Drain:    It drains your maximum health when unequipped.
   Rampage:   It bestows one free step when moving towards enemies.
Jewellery
 n - a +6 ring of dexterity (right hand)
 q - a ring of protection from cold
 u - a +4 ring of protection (left hand)
 v - a ring of ice
 B - a ring of protection from fire
Wands
 z - a wand of iceblast (3)
 F - a wand of flame (7)
Scrolls
 a - a scroll of blinking {unknown}
 e - 10 scrolls of teleportation {unknown}
 f - 2 scrolls of poison {unknown}
 h - 4 scrolls of noise {unknown}
 i - 11 scrolls of identify {unknown}
 j - a scroll of vulnerability {unknown}
 m - 2 scrolls of fog {unknown}
 o - 2 scrolls of enchant armour {unknown}
 p - a scroll of immolation {unknown}
 w - a scroll of amnesia {unknown}
 E - a scroll of silence {unknown}
 M - a scroll of fear {unknown}
 O - a scroll of torment {unknown}
 P - 2 scrolls of revelation {unknown}
Potions
 b - a potion of mutation
 d - a potion of cancellation
 g - 3 potions of attraction
 l - 4 potions of enlightenment
 r - 2 potions of curing
 H - 2 potions of haste {unknown}
 I - a potion of invisibility {unknown}
 N - a potion of heal wounds {unknown}


   Skills:
 + Level 11.2 Fighting
 + Level 10.9 Axes
 - Level 3.0 Armour
 + Level 8.1 Shields
 + Level 7.8 Invocations
 - Level 2.1 Evocations


You had 11 spell levels left.
You didn't know any spells.
Your spell library contained the following spells:

 Spells                   Type           Power      Damage    Failure   Level
 Magic Dart               Conj           0%         1d3       100%        1
 Slow                     Hex            0%         N/A       100%        1
 Sting                    Tmut/Pois      0%         1d3       100%        1
 Blink                    Tloc           0%         N/A       100%        2
 Lesser Beckoning         Tloc           0%         N/A       100%        2
 Momentum Strike          Conj/Tloc      0%         3d8       100%        2
 Confusing Touch          Hex            0%         N/A       100%        3
 Gell's Gravitas          Tloc           0%         N/A       100%        3
 Hailstorm                Conj/Ice       0%         3d5       100%        3
 Ignite Poison            Fire/Tmut/Pois 0%         N/A       100%        3
 Inner Flame              Hex/Fire       0%         N/A       100%        3
 Mephitic Cloud           Conj/Pois/Air  0%         N/A       100%        3
 Sigil of Binding         Hex            0%         N/A       100%        3
 Teleport Other           Tloc           0%         N/A       100%        3
 Vampiric Draining        Necr           0%         2d6       100%        3
 Arcjolt                  Conj/Air       0%         1d10      100%        5
 Yara's Violent Unravell  Hex/Tmut       0%         3d3       100%        5
 Enfeeble                 Hex            0%         N/A       100%        7
 Call Imp                 Summ           Unusable   N/A       N/A         2
 Animate Dead             Necr           Unusable   N/A       N/A         4
 Haunt                    Necr/Summ      Unusable   N/A       N/A         7
 Infestation              Necr           Unusable   N/A       N/A         8

Dungeon Overview and Level Annotations

Branches:
Dungeon (11/15)            Temple (1/1) D:7            Lair (0/5) D:8
    Orc (0/2) D:9          Bailey (visited)

Altars:
Ashenzari
Cheibriados
Dithmenos
Elyvilon
Fedhas
Gozag
Hepliaklqana
Kikubaaqudgha
Makhleb
Nemelex Xobeh
Okawaru
Qazlal
Ru
Sif Muna
Trog
Uskayaw
Vehumet
Wu Jian
Xom
Yredelemnul
Zin
The Shining One

Shops:
D:6 :

Annotations:
D:3 1 runed translucent door, Crazy Yiuf
D:11 2 transporters, exclusion: oklob plant, Snorg; soberseth's ghost, journeyman MiFi


Innate Abilities, Weirdness & Mutations

You have a pair of small antennae on your head.
Your muscles are strong. (Str +4, Int/Dex -1)


Message History

You hit Snorg.
Snorg is moderately wounded.
Snorg struggles against the net.
You whack Snorg!
Snorg looks as sick as possible!
Snorg is moderately wounded.
Snorg struggles against the net.
The net rips apart, and Snorg comes free!
You whack Snorg!
Snorg looks as sick as possible!
Snorg is heavily wounded.
Snorg bites you! Snorg claws you but does no damage. You block Snorg's attack.
You whack Snorg!
Snorg looks as sick as possible!
Snorg is heavily wounded.
Snorg bites you! Snorg claws you but does no damage. Snorg barely misses you.
Okay, then.
It was a potion of curing.
You feel better. Snorg bites you but does no damage. You block Snorg's attack.
Snorg claws you but does no damage. Snorg bites you!! Snorg barely misses you.
You block Snorg's attack.
It was a potion of mutation.
You feel extremely strange.
You feel stronger. A pair of antennae grows on your head!
Your +0 helmet falls away!
Snorg bites you! You block Snorg's attack. Snorg claws you!
It was a potion of cancellation.
You feel magically purged. You block Snorg's attack. Snorg barely misses you.
You block Snorg's attack. Snorg bites you!
* * * LOW HITPOINT WARNING * * *
Snorg claws you!
* * * LOW HITPOINT WARNING * * *
Snorg claws you but does no damage.
It was a potion of attraction.
You feel attractive to monsters. Snorg bites you.
* * * LOW HITPOINT WARNING * * *
You block Snorg's attack. Snorg claws you!
* * * LOW HITPOINT WARNING * * *
It was a potion of enlightenment.
You feel very buoyant.
You fly up into the air.
Snorg bites you.
* * * LOW HITPOINT WARNING * * *
Snorg claws you!
You die...

#### # ..# ### #.#####.#
##.##
........#######...##
..##.........).....#####
........####.##.........
..##.#..# #.###.#######
.......@# #.# #.# #
#.##....T.##.# #.# # #
###..#(##.# #+# #
#..#.##.# # #... ...# ##
..## ###. #. .. #. ...
+.. ##.


You could see Snorg (berserk, extremely poisoned).

Vanquished Creatures
  A hydra (D:8)
  2 two-headed ogres
  A fire crab (D:8)
  Amaemon (D:10)
  A manticore (D:8)
  A gargoyle (Bailey)
  2 unseen horrors (D:8)
  An orange demon (D:10)
  A komodo dragon (D:10)
  A hornet (D:10)
  2 trolls
  A vampire (Bailey)
  Sigmund (D:5)
  A wyvern (D:7)
  Eustachio (D:6)
  4 yaks (D:10)
  4 vampire mosquitoes (D:11)
  A steam dragon (D:9)
  3 water moccasins
  2 ice beasts
  3 black bears
  2 orc warriors
  6 centaurs
  An ogre (D:6)
  3 phantoms
  A kobold brigand (D:10)
  6 bullfrogs
  2 scorpions
  A gnoll sergeant (D:7)
  4 wights
  17 killer bees
  2 howler monkeys (D:10)
  8 vampire bats (Bailey)
  4 wolf zombies (Bailey)
  2 hounds
  4 orc priests
  2 gnoll boudas (D:8)
  2 iguanas
  A jelly (D:7)
  A sleepcap (D:5)
  Natasha (thrice) (D:3)
  7 orc wizards
  Robin (D:4)
  3 adders
  17 gnolls
  A white imp (D:5)
  2 ufetubi (D:5)
  6 worms
  4 dart slugs
  30 orcs
  7 ball pythons
  11 endoplasms
  A giant cockroach (D:3)
  15 goblins
  7 hobgoblins
  9 jackals
  3 quokkas
  4 bats
  5 frilled lizards
  8 kobolds
  20 orc zombies (Bailey)
  2 rats (D:2)
270 creatures vanquished.

Notes
Turn   | Place    | Note
-------+----------+-------------------------------------------
     0 | D:1      | grandjackal the Human Fighter began the quest for the Orb.
     0 | D:1      | Reached XP level 1. HP: 18/18 MP: 1/1
   220 | D:1      | Reached XP level 2. HP: 24/24 MP: 2/2
   676 | D:1      | Got the Volume of Pestilent Confrontation
   811 | D:2      | Reached XP level 3. HP: 8/29 MP: 3/3
  1397 | D:2      | Reached XP level 4. HP: 36/36 MP: 4/4
  1798 | D:3      | Found a hide-covered altar of Uskayaw.
  1799 | D:3      | Found a white marble altar of Elyvilon.
  1800 | D:3      | Found a hazy altar of Hepliaklqana.
  1804 | D:3      | Found a radiant altar of Vehumet.
  1805 | D:3      | Found a glowing silver altar of Zin.
  1987 | D:3      | Found a broken altar of Ashenzari.
  2213 | D:3      | Noticed Natasha
  2218 | D:3      | Killed Natasha
  2219 | D:3      | Reached XP level 5. HP: 29/40 MP: 5/5
  2284 | D:3      | Noticed Natasha
  2292 | D:3      | Killed Natasha
  2293 | D:3      | Reached skill level 4 in Fighting
  2341 | D:3      | Found a runed translucent door.
  2342 | D:3      | Noticed Crazy Yiuf
  2353 | D:3      | Noticed Natasha
  2360 | D:3      | Killed Natasha
  2490 | D:4      | Noticed a bullfrog
  2496 | D:4      | Killed a bullfrog
  2497 | D:4      | Reached XP level 6. HP: 34/49 MP: 6/6
  2556 | D:4      | Noticed Robin
  2573 | D:4      | Killed Robin
  2672 | D:4      | Noticed a black bear
  2691 | D:4      | Killed a black bear
  2918 | D:4      | Reached skill level 5 in Fighting
  2918 | D:4      | Reached XP level 7. HP: 56/56 MP: 7/7
  3295 | D:5      | Entered Level 5 of the Dungeon
  3799 | D:5      | Identified the +3 buckler "Giwets" {+Inv}
  3833 | D:5      | Reached skill level 5 in Axes
  4105 | D:5      | Noticed Sigmund
  4112 | D:5      | Killed Sigmund
  4113 | D:5      | Reached skill level 6 in Fighting
  4218 | D:5      | Reached XP level 8. HP: 42/64 MP: 8/8
  4815 | D:6      | Found Oddod's Self-Published Books.
  4877 | D:6      | Noticed Eustachio
  4908 | D:6      | Killed Eustachio
  4909 | D:6      | Reached skill level 7 in Fighting
  5300 | D:6      | Reached XP level 9. HP: 71/72 MP: 9/9
  5320 | D:6      | Reached skill level 8 in Fighting
  5925 | D:7      | Reached skill level 1 in Evocations
  6252 | D:7      | Found a staircase to the Ecumenical Temple.
  6267 | Temple   | Entered the Ecumenical Temple
  6277 | Temple   | Became a worshipper of Warmaster Okawaru
  6352 | D:7      | Reached skill level 1 in Invocations
  6662 | D:7      | Reached skill level 9 in Fighting
  7045 | D:7      | Reached XP level 10. HP: 63/83 MP: 10/12
  7163 | D:8      | Reached * piety under Okawaru
  7405 | D:8      | Found a staircase to the Lair.
  7405 | D:8      | Noticed a fire crab
  7413 | D:8      | Killed a fire crab
  7414 | D:8      | Reached skill level 5 in Shields
  7456 | D:8      | Found a flagged portal.
  7469 | Bailey   | Entered a bailey
  7786 | Bailey   | Noticed a gargoyle
  7796 | Bailey   | Killed a gargoyle
  7850 | Bailey   | Identified the +0 scale mail of the Great Game {Dex+7}
  7855 | Bailey   | Identified the +4 plate armour of the Sun {Rampage ^Drain
                  | rPois rN+}
  8321 | D:8      | Noticed a four-headed hydra
  8322 | D:8      | Noticed a manticore
  8334 | D:8      | Killed a four-headed hydra
  8334 | D:8      | Reached ** piety under Okawaru
  8335 | D:8      | Reached skill level 10 in Fighting
  8335 | D:8      | Reached skill level 5 in Invocations
  8342 | D:8      | Killed a manticore
  8343 | D:8      | Reached XP level 11. HP: 56/90 MP: 12/15
  8537 | D:8      | Reached *** piety under Okawaru
  8782 | D:9      | Reached skill level 10 in Axes
  8912 | D:9      | Noticed a two-headed ogre
  8920 | D:9      | Killed a two-headed ogre
  9244 | D:9      | Noticed a skeletal warrior
  9244 | D:9      | Noticed a manticore
  9246 | D:9      | Noticed an eight-headed hydra
  9261 | D:9      | Found a staircase to the Orcish Mines.
  9510 | D:9      | Noticed a brown ugly thing
  9629 | D:10     | Entered Level 10 of the Dungeon
  9701 | D:10     | Reached **** piety under Okawaru
 10090 | D:10     | Noticed a two-headed ogre
 10096 | D:10     | Killed a two-headed ogre
 10353 | D:10     | Reached ***** piety under Okawaru
 10510 | D:10     | Noticed Amaemon
 10528 | D:10     | Killed Amaemon
 10529 | D:10     | Reached skill level 11 in Fighting
 11020 | D:11     | Noticed a two-headed ogre
 11023 | D:11     | Noticed an oklob plant
 11024 | D:11     | Noticed a manticore
 11030 | D:11     | Noticed a skeletal warrior
 11119 | D:11     | Found a transporter.
 11124 | D:11     | Noticed a salamander
 11129 | D:11     | Found a transporter.
 11132 | D:11     | Noticed soberseth's ghost (journeyman MiFi)
 11176 | D:11     | Reached XP level 12. HP: 57/100 MP: 17/17
 11561 | D:11     | Noticed Snorg
 11575 | D:11     | Gained mutation: Your muscles are strong. (Str +4, Int/Dex
                  | -1) [potion of mutation]
 11575 | D:11     | Gained mutation: You have a pair of small antennae on your
                  | head. [potion of mutation]
 11578 | D:11     | Slain by Snorg

Illustrated notes

Levels and vault maps discovered:
D:1:      dpeg_arrival_round_b, layout_basic
D:2:      layout_basic, grunt_decor_mini_mirrors, st_stairs_5
D:3:      layout_rooms, minitemple, mainiacjoe_overflow_boulevard,
          uniq_crazy_yiuf_cottage, uniq_natasha
D:4:      layout_loops_ring, uniq_robin
D:5:      layout_basic, nicolae_wormholes, uniq_sigmund
D:6:      layout_gridville, nicolae_custom_books, minmay_misc_feat_five,
          minmay_strange_pillars, uniq_eustachio
D:7:      layout_basic, minmay_temple_entry_statues_fountains
D:8:      minmay_blocky_corners, layout_basic, minmay_lair_entry_lava,
          enter_bailey_3
D:9:      layout_roguey, orc_0_dummy, onia_ninara_dug_in_and_dangerous
D:10:     layout_cave_pods, uniq_amaemon
D:11:     layout_loops_corners, nzn_ghost_randoct, uniq_snorg
Temple:   regret_index_temple_sphere_string

Skill      XL: |  1  2  3  4  5  6  7  8  9 10 11 12 |
---------------+-------------------------------------+-----
Axes           | 3 4 5 7 8 9 10 | 10.9
Fighting       | 4 5 6 7 9 10 11 | 11.2
Shields        | 4 6 7 8 |  8.1
Evocations     | 2 |  2.1
Invocations    | 2 5 7 |  7.8
Armour         | |  3.0

Action                     |  1- 3 |  4- 6 |  7- 9 | 10-12 || total
---------------------------+-------+-------+-------+-------++-------
  Melee: War axe           |    92 |   133 |   295 |    52 ||   572
         Flail             |       |       |       |   340 ||   340
         Broad axe         |       |       |       |    58 ||    58
         Demon whip        |       |       |       |    25 ||    25
  Throw: Throwing net      |       |       |       |     3 ||     3
 Invoke: Heroism           |       |       |       |     4 ||     4
  Evoke: Wand              |       |       |       |     2 ||     2
    Use: Potion            |       |       |     1 |     8 ||     9
   Stab: Held in net/web   |       |       |       |     1 ||     1
 Armour: Scale mail        |    34 |       |       |       ||    34
         Ring mail         |    27 |   105 |   239 |   132 ||   503
         Plate armour      |       |       |       |   354 ||   354
  Dodge: Dodged            |    50 |    82 |   152 |   166 ||   450
  Block: Buckler           |    24 |    44 |   131 |   307 ||   506

Table legend: (Time is in decaauts)
 A = Elapsed time spent in this place.
 B = Non-inter-level travel time spent in this place.
 C = Inter-level travel time spent in this place.
 D = Time resting spent in this place.
 E = Time spent auto-exploring this place.
 F = Levels seen in this place.
 G = Mean time per level.
                   A        B        C        D        E       F      G
               +--------+--------+--------+--------+--------+-----+--------+
         Total |  11760 |  11377 |    383 |   2418 |   6655 |  13 |  904.6 |
       Dungeon |  11041 |  10658 |    383 |   2154 |   6559 |  11 | 1003.7 |
        Temple |     20 |     20 |      0 |      0 |      0 |   1 |   20.0 |
        Bailey |    698 |    698 |      0 |    264 |     96 |   1 |  698.0 |
               +--------+--------+--------+--------+--------+-----+--------+

Top non-repeatable levels by time:
     D:5: 1423 daAuts
    D:10: 1324 daAuts
     D:7: 1263 daAuts
     D:6: 1185 daAuts
     D:8: 1005 daAuts
     D:2: 934 daAuts
     D:4: 908 daAuts
     D:9: 816 daAuts
     D:1: 788 daAuts
     D:3: 769 daAuts
  Bailey: 698 daAuts
    D:11: 621 daAuts
  Temple: 20 daAuts
